Cogmind - Beta 14 @@@ ROGUE MODE // 2024.10.17 @ 13:54:24 Player: Zane Result: Destroyed by N1-O0X(R) with Subdweller Beam Cannon Performance ------------- Evolutions (0) 0 Regions Visited (2) 400 Robots Destroyed (18) 90 Value Destroyed (323) 323 Prototype IDs (0) 0 Alien Tech Used (0) 0 Bonus (0) 0 TOTAL SCORE: 813 Bonus ------- None Cogmind --------- Core Integrity 0/250 Matter 240/300 Energy 78/100 System Corruption 0% Temperature Cool (39) Movement Core (150) Ox2 Location -10/Subcaves Parts ------- > --- POWER (1) -------- (None) > --- PROPULSION (2) --- (None) > --- UTILITY (2) ------ Small Storage Unit > --- WEAPON (2) ------- Flamer > --- INVENTORY (8) ---- Ion Engine Subdweller Power Source Light Treads Light Treads Improved Terrain Scanner Transport Network Coupler Weapon Shielding Peak State ------------ > --- POWER ------------ Ion Engine > --- PROPULSION ------- Aluminum Leg Aluminum Leg > --- UTILITY ---------- Small Storage Unit Improved Terrain Scanner > --- WEAPON ----------- Assault Rifle Light Cannon > --- INVENTORY -------- Ion Engine Subdweller Power Source Light Treads Light Treads Transport Network Coupler Weapon Shielding Light Armor Plating Flamer [Rating: 10] Favorites ----------- Power Ion Engine Engine Ion Engine Propulsion Aluminum Leg Leg Aluminum Leg Utility Small Storage Unit Device Improved Terrain Scanner Storage Small Storage Unit Protection Light Armor Plating Weapon Assault Rifle Energy Gun Small Laser Ballistic Gun Assault Rifle Ballistic Cannon Light Cannon Special Weapon Flamer Build | -11 -10 -10 ------- Run | Yrd Mat Sub Slots Evolved . | . . . Power . | . . . Propulsion . | . . . Utility . | . . . Weapon . | . . . Parts Attached 24 | 10 8 6 Power 3 | 1 1 1 Engine 3 | 1 1 1 Core . | . . . Reactor . | . . . Propulsion 7 | 2 5 . Treads . | . . . Leg 7 | 2 5 . Wheel . | . . . Hover . | . . . Flight . | . . . Utility 7 | 3 1 3 Device 4 | 2 1 1 Storage 1 | 1 . . Processor . | . . . Hackware . | . . . Protection 2 | . . 2 Artifact . | . . . Weapon 7 | 4 1 2 Energy Gun 1 | 1 . . Energy Cannon . | . . . Ballistic Gun 4 | 3 1 . Ballistic Cannon 1 | . . 1 Launcher . | . . . Special Weapon 1 | . . 1 Impact Weapon . | . . . Slashing Weapon . | . . . Piercing Weapon . | . . . Special Melee Weapon . | . . . Unidentified Prototypes . | . . . Parts Lost 10 | . 3 7 Power 2 | . . 2 Propulsion 3 | . 1 2 Utility 2 | . 1 1 Weapon 3 | . 1 2 Highest Loss Streak 6 | . 3 6 To Critical Strikes . | . . . Average Slot Usage (%) 95 | . 94 98 Engine 13 | . 14 13 Leg 27 | . 27 27 Device 11 | . 10 11 Storage 14 | . 14 14 Ballistic Gun 22 | . 26 17 Ballistic Cannon 4 | . . 10 Peak Build Rating 10 | 9 9 10 Average Rating 8 | 5 7 9 On Entrance 5 | . 7 9 Naked Turns . | . . . Heaviest Build 16 | 14 14 16 Greatest Support 20 | 20 20 20 Greatest Overweight (x) 1 | 1 1 . Average Overweight (x) . | . . . Largest Inventory Capacity 8 | 8 8 8 Average Capacity 7 | 7 8 8 Most Carried 8 | 6 8 8 Average Carried 7 | 3 7 7 Final Capacity 8 | 8 8 8 Final Carried 8 | 5 8 7 Class Distribution -------------------- 62% | Scavenger-Mutant 37% | Mutant Dominant Class ---------------- Scavenger-Mutant | -10/Materials Scavenger-Mutant | -10/Subcaves Resources | -11 -10 -10 ----------- Run | Yrd Mat Sub Matter Collected 699 | 296 269 134 Remotely . | . . . Salvage Created 567 | 123 305 139 Parts 45 | 9 25 11 Haulers Intercepted 1 | . 1 . Recyclers Shooed 3 | 1 2 . Parts Field Recycled . | . . . Retrieved Matter . | . . . Parts Self-Destructed 13 | . . 13 Prevented . | . . . Kills | -11 -10 -10 ------- Run | Yrd Mat Sub Combat Hostiles Destroyed 12 | . 7 5 Guns 11 | . 7 4 Cannons 1 | . . 1 Classes Destroyed 6 | 2 3 1 Tunneler 3 | 3 . . Hauler 1 | . 1 . Recycler 2 | 1 1 . Swarmer 6 | . 3 3 Grunt 5 | . 4 1 Sentry 1 | . . 1 Best Kill Streak 3 | 3 3 3 Combat Bots Only 3 | . 3 3 Max Kills in Single Turn 1 | 1 1 1 Gunslinging . | . . . Exploded . | . . . Melee . | . . . Uniques/NPCs Destroyed . | . . . Combat | -11 -10 -10 -------- Run | Yrd Mat Sub Hostile Shots Fired 108 | . 56 52 Missed 28 | . 16 12 Damage Taken 1309 | . 572 737 Core 274 | . 83 191 Absorbed by Shields . | . . . Core Remaining (%) 100 | 100 . . Volleys Fired 97 | 22 45 30 Largest 2 | 2 2 2 Hottest 135 | 40 40 135 Shots Fired 178 | 44 78 56 Gun 156 | 44 78 34 Cannon 21 | . . 21 Launcher . | . . . Special 1 | . . 1 Kinetic 177 | 44 78 55 Thermal 1 | . . 1 Explosive . | . . . Electromagnetic . | . . . Robot Hit Streak 10 | 4 8 10 Robot Miss Streak 7 | 7 4 2 Penetration Max . | . . . Secondary Targets . | . . . Shots Hit Robots 98 | 21 51 26 Core Hits 41 | 10 23 8 Critical Kills . | . . . Critical Parts Destroyed 1 | . 1 . Critical Strikes 2 | . 1 1 Destroy 2 | . 1 1 Melee Attacks . | . . . Impact . | . . . Slashing . | . . . Piercing . | . . . Sneak Attacks . | . . . Combat Hostiles . | . . . Follow-up Attacks . | . . . Damage Inflicted 1164 | 255 546 363 Guns 969 | 255 512 202 Cannons 150 | . . 150 Explosions . | . . . Melee . | . . . Ramming 34 | . 34 . Kinetic 1119 | 255 512 352 Thermal 11 | . . 11 Explosive . | . . . Electromagnetic . | . . . Impact . | . . . Slashing . | . . . Piercing . | . . . Highest Corruption . | . . . Average Corruption . | . . . Corruption Purged . | . . . Corruption Blocked . | . . . Overload Shots . | . . . Overflow Damage . | . . . Projectiles . | . . . Explosions . | . . . Melee . | . . . Knockbacks 6 | . 1 5 Impact 1 | . 1 . Kinetic 5 | . . 5 Secondary . | . . . Self-Inflicted Damage . | . . . Shots . | . . . Rammed . | . . . Targets Rammed 7 | . 7 . Kicked 7 | . 7 . Crushed . | . . . Highest Temperature 289 | . 18 289 Average Temperature 83 | . 9 165 Received Heat Transfer 617 | . 138 479 Siege Activations . | . . . Robots Corrupted . | . . . Combat Hostiles . | . . . Parts Fried . | . . . Impact Corruptions . | . . . Robots Melted . | . . . Combat Hostiles . | . . . Parts Melted . | . . . Heat Transferred 80 | . . 80 Parts Sabotaged . | . . . Parts Stolen . | . . . Parts Stripped . | . . . Power Chain Reactions . | . . . Alert | -11 -10 -10 ------- Run | Yrd Mat Sub Peak Influence 194 | 20 194 . Initial 13 | . 13 . Average 59 | 6 67 . Maximum Alert Level . | . . . Low Security (%) 100 | 100 100 . Level 1 . | . . . Level 2 . | . . . Level 3 . | . . . Level 4 . | . . . Level 5 . | . . . High Security . | . . . Max Security . | . . . Squads Dispatched . | . . . Investigation . | . . . Extermination . | . . . Reinforcement . | . . . Assault . | . . . Garrison . | . . . Intercept . | . . . Searches Triggered . | . . . Construction Impeded . | . . . Haulers Reinforced . | . . . Active Scanning Responses . | . . . Cargo Convoy Interrupts . | . . . Stealth | -11 -10 -10 --------- Run | Yrd Mat Sub Distress Signals . | . . . Communications Jammed . | . . . Distress Signals . | . . . Times Spotted 24 | . 17 7 Peak Tracking Total 4 | . 4 3 Tactical Retreats 3 | . 3 . Traps | -11 -10 -10 ------- Run | Yrd Mat Sub Traps Triggered . | . . . Indirectly . | . . . Trap Hack Attempts . | . . . Triggered . | . . . Disarmed . | . . . Reprogrammed . | . . . Reused . | . . . Traps Extracted . | . . . Installed . | . . . Triggered . | . . . Machines | -11 -10 -10 ---------- Run | Yrd Mat Sub Machines Disabled . | . . . Max in Single Turn . | . . . Machines Repaired . | . . . Machines Dismantled . | . . . Machines Sabotaged . | . . . Overloaded Fab Kills . | . . . Hacking | -11 -10 -10 --------- Run | Yrd Mat Sub Machines Accessed 5 | . 3 2 Terminals 3 | . 3 . Fabricators . | . . . Repair Stations . | . . . Recycling Units . | . . . Scanalyzers . | . . . Garrison Access . | . . . Total Hacks 7 | . 4 3 Successful 5 | . 2 3 Failed 2 | . 2 . Catastrophic 1 | . 1 . Database Lockouts . | . . . Manual 6 | . 6 . Terminals 4 | . 4 . Fabricators . | . . . Repair Stations . | . . . Recycling Units . | . . . Scanalyzers . | . . . Garrison Access . | . . . Terminal Hacks 5 | . 2 3 Record 1 | . . 1 Open Door 1 | . . 1 Hauler Manifests 1 | . 1 . Zone Layout 1 | . 1 . Release Object 1 | . . 1 Fabricator Hacks . | . . . Repair Station Hacks . | . . . Recycling Unit Hacks . | . . . Scanalyzer . | . . . Garrison Access Hacks . | . . . Unauthorized Hacks . | . . . Terminals . | . . . Fabricators . | . . . Repair Stations . | . . . Recycling Units . | . . . Scanalyzers . | . . . Garrison Access . | . . . Data Cores Recovered . | . . . Used . | . . . Hacking Detections 4 | . 4 . Full Trace Events . | . . . Feedback Events . | . . . Feedback Blocked . | . . . Robot Schematics Acquired . | . . . Robots Built . | . . . Authchips . | . . . Time . | . . . Total Robot Build Rating . | . . . Part Schematics Acquired . | . . . Parts Built . | . . . Authchips . | . . . Time . | . . . Total Part Build Rating . | . . . Parts Repaired . | . . . Time . | . . . Parts Recycled . | . . . Recycled Matter . | . . . Retrieved Matter . | . . . Retrieved Components . | . . . Parts Scanalyzed . | . . . Part Schematics Acquired . | . . . Parts Damaged . | . . . Bothacking | -11 -10 -10 ------------ Run | Yrd Mat Sub Used RIF Installer . | . . . Robots Hacked . | . . . Non-combat . | . . . Combat . | . . . Robot Hacks Applied . | . . . Relay Couplers Released . | . . . Fabnet Peak Effective % . | . . . Robots Rewired . | . . . Allies Hacked . | . . . Hacks Repelled . | . . . Allies | -11 -10 -10 -------- Run | Yrd Mat Sub Total Allies . | . . . Largest Group . | . . . Highest-Rated Group . | . . . Highest-Rated Ally . | . . . Total Orders . | . . . Ally Attacks . | . . . Total Damage . | . . . Kills . | . . . Allies Corrupted . | . . . Allies Melted . | . . . Intel | -11 -10 -10 ------- Run | Yrd Mat Sub Robot Analysis Total . | . . . Derelict Logs Recovered . | . . . Drone Launches . | . . . Drone Recoveries . | . . . Exploration | -11 -10 -10 ------------- Run | Yrd Mat Sub Turns Passed 1531 | 136 833 562 Spaces Moved 842 | 49 415 378 Core 7 | 7 . . Treads . | . . . Legs 835 | 42 415 378 Wheels . | . . . Hover . | . . . Flight . | . . . Fastest Speed 50 | 50 120 120 Average Speed 119 | 111 120 120 Slowest Speed 190 | 190 190 120 Overloaded Moves . | . . . Propulsion Burnouts . | . . . Robots Hopped . | . . . Cave-ins Triggered 1 | . 1 . Exploration Rate (%) 34 | 4 75 25 Regions Visited 2 Branch Regions 1 Pre-discovered Areas . | . . . Known Exits Taken . | . . . Unknown Exits Taken 2 | 1 1 . Scrap Searched . | . . . Spaces Dug . | . . . Terrain Destroyed . | . . . Melee . | . . . Projectile . | . . . AOE . | . . . Terrain Rammed . | . . . Walls Destroyed . | . . . Machines Disabled . | . . . Actions | -11 -10 -10 --------- Run | Yrd Mat Sub Total 1197 | 88 679 430 Wait 198 | . 190 8 Move 840 | 48 414 378 Hop . | . . . Pick Up 17 | 7 8 2 Fast Attach 7 | 5 1 1 Attach 6 | 3 2 1 Detach 1 | 1 . . Swap 11 | 2 5 4 Drop 9 | . 7 2 Fire 97 | 22 45 30 Melee . | . . . Ram . | . . . Kick 7 | . 7 . Crush . | . . . Escape Stasis . | . . . Rewire 4 | . . 4 Trap . | . . . Miscellaneous . | . . . Route ------- -11/Scrapyard -10/Materials (discovered 3 exits: [*Mat] / [*Min] / *Sub) -10/Subcaves History --------- Turn | Location | Event 8 | -11/Scrapyard | Discovered new exit (range 16) 137 | -11/Scrapyard | Entered Materials 308 | -10/Materials | Build established: Mutant 313 | -10/Materials | Discovered new exit (range 13) 354 | -10/Materials | Crushed by falling debris 365 | -10/Materials | Lost 3 parts (1n1u1w) 446 | -10/Materials | Discovered new exit (range 14) 689 | -10/Materials | Discovered new exit (range 9) 811 | -10/Materials | Build established: Scavenger-Mutant 970 | -10/Materials | Entered Subcaves 1091 | -10/Subcaves | Shifting Twisted Machinery released Flamer 1096 | -10/Subcaves | Shifting Twisted Machinery released Sub. Power Source 1523 | -10/Subcaves | Core integrity fell below 50% 1529 | -10/Subcaves | Core integrity fell below 20% 1532 | -10/Subcaves | Destroyed by N1-O0X(R) with Subdweller Beam Cannon Last Messages --------------- 01480_ Acquired 15 matter. 01482_ Flight Unit fries itself beyond repair. 01482_ Acquired 2 matter. 01484_ Lgt. Assault Rifle fries itself beyond repair. 01487_ Acquired 1 matter. 01493_ Acquired 14 matter. 01498_ Acquired 29 matter. 01512_ Aluminum Leg destroyed. 01512_ Critical hit (Meltdown: +290). 01516_ N1-O0X(R) knocked back. 01520_ Aluminum Leg destroyed. 01522_ N1-O0X(R) suffers critical hit (Destroy). 01522_ N1-O0X(R) knocked back. 01522_ Lgt. Armor Plating destroyed. 01525_ N1-O0X(R) knocked back. 01526_ Lgt. Ion Engine destroyed. 01528_ Assault Rifle destroyed. 01529_ 1S-VYZ(R) knocked back. 01530_ Lgt. Cannon destroyed. Map ----- +----------------------------------------------------+ | ### ##### #?# ##???????????????????????? | | ?## #????# ##?# ###?????? ?????????????????? | | ## #???#?###### ##???? ##????????????????? | | #??????# % #? #???????????????? | | #??##### # ??????????????? | | ##?## ??????????????? | | ### #### ## ??????????????? | | #?## #?# #?????????????? | | #?# ##??? # ??????????????? | | #?### ### ## ##???? ???????????????? | | ##?## #?# ######?????? ???????????????? | | ### ### ##???????????##### ???????????????? | | ### ###?????????#????????????????????? | | #### #?##???? #????????????????????? | | #? ## #????????????????????? | | ### #? ?????????????????????? | | ##?## ### # ### #???? ??????????????????? | | ##??## ##### # #?????? ???????? ????????? | | ##??## ### ##????????????? ????????? | | #?### ### ## # ##?????????? ????????? | | ##???###?## ### #?# ##??###### ???????? | | #?????????##?# #?# ### ?????????? | | #????????????# #### RR #????????????? | | #?#?#????????# ## % % #????????????? | | #????????????# $#????????????????? | | ##????????????# @### #????????????????? | | #??????##?# ## #???? #???????????????? | | ????????# ######## #?????? ?????????????? | | ?????? ???????# ##???????? ???????????? | | ????? #??????? #??????????##??????????? | | ???? ###???????# #??????????????????????? | | ????? ??????????# #??????????????????????? | | ????? ???????????### ##??????????????????????? | | ?????? ??????????????###???????????????????????? | | ?????? ?????????????????????????????????????????? | | ?????????????????????????????????????????????????? | | ????????????#????????????????????????????????????? | | ?????????????????????????????????????????????????? | | ?????????????????????????????????????????????????? | | ?????????????????????????????????????????????????? | | ?????????????????????????????????????????????????? | | ?????????????????????????????????????????????????? | | ?????????????????????????????????????????????????? | | ?????????????????????????????????????????????????? | | ?????????????????????????????????????????????????? | | ?????????????????????????????????????????????????? | | ?????????????????????????????????????????????????? | | ?????????????????????????????????????????????????? | | ?????????????????????????????????????????????????? | | ?????????????????????????????????????????????????? | +----------------------------------------------------+ Best States ------------- Heat Dissipation 25 Energy Generation 10 Energy Capacity 250 Matter Stores 300 Matter Capacity 300 Sight Range 16 Terrain Scan Range 16 Terrain Scan Density 10 Armor Coverage 150 Evasion (%) 55 Item Schematics ----------------- None Robot Schematics ------------------ None Fabricated ------------ Nothing Alien Tech Used ----------------- None Achievements -------------- None Challenges ------------ None Game ------ Seed PersonalScrapoidDetector Manual? 0 Play Time 00:16:41 Cumulative 20.5 hours Start 2024.10.17 @ 13:38:03 End 2024.10.17 @ 13:54:24 Sessions 1 Manual Loads 0 Difficulty Rogue Special Mode None Game No. 28 Rogue 28 Adventurer 0 Explorer 0 Win Type - Total 0 Types 0/0/0/0/0/0/0/0/0 Lore% 24 Gallery% 27 Achievement% 23 Wizard Run 0 Options --------- Layout 1 ASCII 0 Keyboard 0 Movement Numpad Keybinds 0 Fullscreen 1 Font 24/Smallcaps Map View 50x35 Zoom Use 0% Tactical HUD 1 Map Filters NONE Filters NONE Steam 1 RUN: 8a5552d0-966c-4aed-b8ad-cd6b27e38e57